| TOP OF THE 1ST |
|
West Virginia Power batting - Pitching for Dayton Dragons : LHP Suk-jin Sok
|
|
Pitching: LHP Suk-jin Sok
|
|
|
Batting: RHB Jordan Robinson
|
0-0: Called Strike 0-1: Ball 1-1: Foul Ball, location: 2F 1-2: Ball 2-2: Foul Ball, location: 2F 2-2: Ball 3-2: Base on Balls
|
|
Batting: SHB Mike Corley
|
0-0: Ball Jordan Robinson is caught stealing 2nd base 2-4 1-0: Swinging Strike 1-1: Called Strike 1-2: Foul Ball, location: 2F 1-2: Strikes out swinging
|
|
Batting: RHB Mike Velazquez
|
0-0: Called Strike 0-1: Ball 1-1: Foul Ball, location: 2F 1-2: Ball 2-2: Ball 3-2: SINGLE (Groundball, 4M, EV 104.4 MPH) (infield hit)
|
|
Batting: RHB Zach Chmieleski
|
0-0: Called Strike 0-1: Called Strike 0-2: Foul Ball, location: 2F 0-2: Fielders Choice at 2nd, 5-4 (Groundball, 56, EV 83.8 MPH)
|
| Top of the 1st over - 0 runs, 1 hit, 0 errors, 1 left on base; West Virginia 0 - Dayton 0 |
| BOTTOM OF THE 1ST |
|
Dayton Dragons batting - Pitching for West Virginia Power : LHP Jim Turan
|
|
Pitching: LHP Jim Turan
|
|
|
Batting: LHB Keith Egan
|
0-0: Called Strike 0-1: Swinging Strike 0-2: Ball 1-2: Ball 2-2: Strikes out looking
|
|
Batting: RHB Randy Grewe
|
0-0: Called Strike 0-1: Ball 1-1: Ball 2-1: Called Strike 2-2: Foul Ball, location: 2F 2-2: Foul Ball, location: 2F 2-2: Ball 3-2: Ground out 6-3 (Groundball, 6, EV 82.5 MPH)
|
|
Batting: SHB Tim Utz
|
0-0: Foul Ball, location: 2F 0-1: Ball 1-1: Fly out, F8 (Flyball, 8LD, EV 93.1 MPH)
|
| Bottom of the 1st over - 0 runs, 0 hits, 0 errors, 0 left on base; West Virginia 0 - Dayton 0 |
| TOP OF THE 2ND |
|
West Virginia Power batting - Pitching for Dayton Dragons : LHP Suk-jin Sok
|
|
Batting: RHB Freddy Quintero
|
0-0: Ball 1-0: Foul Ball, location: 2F 1-1: Swinging Strike 1-2: Ball 2-2: Foul Ball, location: 2F 2-2: Strikes out swinging
|
|
Batting: RHB Ted Goldblatt
|
0-0: Foul Ball, location: 2F 0-1: Swinging Strike 0-2: Ball 1-2: Foul Ball, location: 2F 1-2: Ball 2-2: Ball 3-2: Strikes out looking
|
|
Batting: RHB Roberto Guzman
|
0-0: Ground out 1-3 (Groundball, 13S, EV 64.4 MPH)
|
| Top of the 2nd over - 0 runs, 0 hits, 0 errors, 0 left on base; West Virginia 0 - Dayton 0 |
| BOTTOM OF THE 2ND |
|
Dayton Dragons batting - Pitching for West Virginia Power : LHP Jim Turan
|
|
Batting: RHB Danny Real
|
0-0: Ball 1-0: Ball 2-0: Ball 3-0: Called Strike 3-1: Ground out U3 (Groundball, 34, EV 110.0 MPH)
|
|
Batting: RHB Mark Williams
|
0-0: Swinging Strike 0-1: Called Strike 0-2: Strikes out swinging
|
|
Batting: RHB Frank Moron
|
0-0: Ball 1-0: Ball 2-0: Foul Ball, location: 2F 2-1: Ball 3-1: Called Strike 3-2: SINGLE (Groundball, 3D, EV 108.8 MPH)
|
|
Batting: RHB Jonathan Davis
|
0-0: Ball 1-0: Foul Ball, location: 2F 1-1: Called Strike 1-2: Ball 2-2: SINGLE (Flyball, 8LS, EV 91.9 MPH) Frank Moron to second Runner from 2nd tries for 3rd, SAFE, throw by CF made to third
|
|
Batting: RHB Juan Zamora
|
0-0: Ground out 5-3 (Groundball, 56S, EV 85.0 MPH)
|
| Bottom of the 2nd over - 0 runs, 2 hits, 0 errors, 2 left on base; West Virginia 0 - Dayton 0 |
| TOP OF THE 3RD |
|
West Virginia Power batting - Pitching for Dayton Dragons : LHP Suk-jin Sok
|
|
Batting: LHB Brandon Sarni
|
0-0: Ball 1-0: Swinging Strike 1-1: Foul Ball, location: 2F 1-2: Fly out, F8 (Flyball, 89M, EV 86.2 MPH)
|
|
Batting: RHB John Beiswenger
|
0-0: Ball 1-0: SINGLE (Groundball, 5S, EV 75.0 MPH) (infield hit)
|
|
Batting: RHB Jordan Robinson
|
0-0: Ball 1-0: Called Strike 1-1: Ball 2-1: Called Strike 2-2: Ball 3-2: Base on Balls John Beiswenger to second
|
|
Batting: SHB Mike Corley
|
0-0: Fly out, F9 (Flyball, 9S, EV 85.6 MPH)
|
|
Batting: RHB Mike Velazquez
|
0-0: Called Strike 0-1: Called Strike 0-2: SINGLE (Line Drive, 7S, EV 98.8 MPH) John Beiswenger to third Jordan Robinson to second
|
|
Batting: RHB Zach Chmieleski
|
0-0: Ball 1-0: Called Strike 1-1: Ball 2-1: Ball 3-1: Base on Balls John Beiswenger scores Jordan Robinson to third Mike Velazquez to second
|
|
Batting: RHB Freddy Quintero
|
0-0: Swinging Strike 0-1: Ball 1-1: Foul Ball, location: 2F 1-2: Strikes out looking
|
| Top of the 3rd over - 1 run, 2 hits, 0 errors, 3 left on base; West Virginia 1 - Dayton 0 |
| BOTTOM OF THE 3RD |
|
Dayton Dragons batting - Pitching for West Virginia Power : LHP Jim Turan
|
|
Batting: RHB Cyd Carver
|
0-0: Ball 1-0: Swinging Strike 1-1: Foul Ball, location: 2F 1-2: Fly out, F9 (Flyball, 9LM, EV 91.9 MPH)
|
|
Batting: LHB Keith Egan
|
0-0: Ball 1-0: Swinging Strike 1-1: Ball 2-1: Fly out, F6 (Line Drive, 6, EV 65.6 MPH)
|
|
Batting: RHB Randy Grewe
|
0-0: Called Strike 0-1: Ground out 1-3 (Groundball, 34S, EV 68.1 MPH)
|
| Bottom of the 3rd over - 0 runs, 0 hits, 0 errors, 0 left on base; West Virginia 1 - Dayton 0 |
| TOP OF THE 4TH |
|
West Virginia Power batting - Pitching for Dayton Dragons : LHP Suk-jin Sok
|
|
Batting: RHB Ted Goldblatt
|
0-0: Ball 1-0: Called Strike 1-1: Called Strike 1-2: Strikes out swinging
|
|
Batting: RHB Roberto Guzman
|
0-0: Ball 1-0: SINGLE (Groundball, 56D, EV 98.1 MPH)
|
|
Batting: LHB Brandon Sarni
|
0-0: Ball 1-0: Ball 2-0: Ball 3-0: Called Strike 3-1: Base on Balls Roberto Guzman to second
|
|
Batting: RHB John Beiswenger
|
0-0: Called Strike 0-1: Foul Ball, location: 2F 0-2: Fielders Choice at 2nd, 1-6 (Groundball, 23, EV 75.0 MPH) Roberto Guzman to third
|
|
Batting: RHB Jordan Robinson
|
0-0: Foul Ball, location: 2F 0-1: Foul Ball, location: 2F 0-2: Ball 1-2: Foul Ball, location: 2F 1-2: Ball 2-2: Strikes out swinging
|
| Top of the 4th over - 0 runs, 1 hit, 0 errors, 2 left on base; West Virginia 1 - Dayton 0 |
| BOTTOM OF THE 4TH |
|
Dayton Dragons batting - Pitching for West Virginia Power : LHP Jim Turan
|
|
Batting: SHB Tim Utz
|
0-0: Swinging Strike 0-1: Ball 1-1: Called Strike 1-2: Ball 2-2: SINGLE (Groundball, 56D, EV 104.4 MPH)
|
|
Batting: RHB Danny Real
|
0-0: SINGLE (Groundball, 34D, EV 103.1 MPH) Tim Utz to second Runner from 2nd tries for 3rd, SAFE, throw by RF made to third
|
|
Batting: RHB Mark Williams
|
0-0: DOUBLE (Flyball, 8RXD, EV 96.9 MPH) Tim Utz scores Danny Real to third
|
|
Batting: RHB Frank Moron
|
0-0: Ball 1-0: Ball 2-0: Foul Ball, location: 2F 2-1: Ball 3-1: Ground out 4-3 (Groundball, 4, EV 85.6 MPH) Danny Real scores Mark Williams to third
|
|
Batting: RHB Jonathan Davis
|
0-0: Foul Ball, location: 2F 0-1: Foul Ball, location: 2F 0-2: Ball 1-2: Ball 2-2: Foul Ball, location: 2F 2-2: Foul Ball, location: 2F 2-2: Ground out 6-3 (Groundball, 6, EV 85.0 MPH) Mark Williams scores
|
|
Batting: RHB Juan Zamora
|
0-0: Ball 1-0: Called Strike 1-1: Ball 2-1: Ground out 6-3 (Groundball, 6, EV 94.4 MPH)
|
| Bottom of the 4th over - 3 runs, 3 hits, 0 errors, 0 left on base; West Virginia 1 - Dayton 3 |
| TOP OF THE 5TH |
|
West Virginia Power batting - Pitching for Dayton Dragons : LHP Suk-jin Sok
|
|
Batting: SHB Mike Corley
|
0-0: Ball 1-0: Ball 2-0: Called Strike 2-1: Ground out 5-3 (Groundball, 5, EV 103.8 MPH)
|
|
Batting: RHB Mike Velazquez
|
0-0: Ball 1-0: Ball 2-0: Ball 3-0: Called Strike 3-1: Foul Ball, location: 2F 3-2: Base on Balls
|
|
Batting: RHB Zach Chmieleski
|
0-0: Called Strike 0-1: Fielders Choice at 2nd, 5-4 (Groundball, 5S, EV 86.2 MPH)
|
|
Batting: RHB Freddy Quintero
|
0-0: Called Strike 0-1: Ball 1-1: Fly out, F8 (Flyball, 89M, EV 88.1 MPH)
|
| Top of the 5th over - 0 runs, 0 hits, 0 errors, 1 left on base; West Virginia 1 - Dayton 3 |
| BOTTOM OF THE 5TH |
|
Dayton Dragons batting - Pitching for West Virginia Power : LHP Jim Turan
|
|
Batting: RHB Cyd Carver
|
0-0: Called Strike 0-1: Swinging Strike 0-2: Ball 1-2: Foul Ball, location: 2F 1-2: Foul Ball, location: 2F 1-2: Reached on error, E3 (Groundball, 3L, EV 106.9 MPH)
|
|
Batting: LHB Keith Egan
|
0-0: Called Strike 0-1: Called Strike Cyd Carver steals 2nd base 0-2: Ball 1-2: Foul Ball, location: 2F 1-2: Ground out U3 (Groundball, 34, EV 89.4 MPH) Cyd Carver to third
|
|
Batting: RHB Randy Grewe
|
0-0: Foul Ball, location: 2F 0-1: Foul Ball, location: 2F 0-2: Ball 1-2: Strikes out looking
|
|
Batting: SHB Tim Utz
|
0-0: Ball 1-0: Ball 2-0: Called Strike 2-1: Swinging Strike 2-2: Ball 3-2: Strikes out looking
|
| Bottom of the 5th over - 0 runs, 0 hits, 1 error, 1 left on base; West Virginia 1 - Dayton 3 |
| TOP OF THE 6TH |
|
West Virginia Power batting - Pitching for Dayton Dragons : LHP Suk-jin Sok
|
|
Batting: RHB Ted Goldblatt
|
0-0: Called Strike 0-1: Foul Ball, location: 2F 0-2: Strikes out swinging
|
|
Batting: RHB Roberto Guzman
|
0-0: Called Strike 0-1: SINGLE (Groundball, 56D, EV 95.0 MPH)
|
|
Batting: LHB Brandon Sarni
|
0-0: Called Strike 0-1: Foul Ball, location: 2F 0-2: Strikes out looking
|
|
Pitching: LHP Paul Fuller
|
|
|
Batting: RHB John Beiswenger
|
0-0: Called Strike 0-1: Ball 1-1: Reached on error, E4 (Groundball, 4, EV 98.1 MPH) Roberto Guzman to second
|
|
Batting: RHB Jordan Robinson
|
0-0: Called Strike 0-1: Ball 1-1: Ball 2-1: SINGLE (Groundball, 6MD, EV 95.6 MPH) Roberto Guzman to third John Beiswenger to second Runner from 3rd tries for Home, throw by CF and OUT! 8-2
|
| Top of the 6th over - 0 runs, 2 hits, 1 error, 2 left on base; West Virginia 1 - Dayton 3 |
| BOTTOM OF THE 6TH |
|
Dayton Dragons batting - Pitching for West Virginia Power : LHP Jim Turan
|
|
Batting: RHB Danny Real
|
0-0: Ball 1-0: Foul Ball, location: 2F 1-1: Called Strike 1-2: Strikes out swinging
|
|
Batting: RHB Mark Williams
|
0-0: Foul Ball, location: 2F 0-1: Swinging Strike 0-2: Ball 1-2: Ball 2-2: Ground out 4-3 (Groundball, 34, EV 105.6 MPH)
|
|
Batting: RHB Frank Moron
|
0-0: Ball 1-0: Foul Ball, location: 2F 1-1: Ball 2-1: Fly out, F8 (Flyball, 8LD, EV 99.4 MPH)
|
| Bottom of the 6th over - 0 runs, 0 hits, 0 errors, 0 left on base; West Virginia 1 - Dayton 3 |
| TOP OF THE 7TH |
|
West Virginia Power batting - Pitching for Dayton Dragons : LHP Paul Fuller
|
|
Batting: SHB Mike Corley
|
0-0: Ball 1-0: Foul Ball, location: 2F 1-1: Called Strike 1-2: Strikes out looking
|
|
Batting: RHB Mike Velazquez
|
0-0: Foul Ball, location: 2F 0-1: SINGLE (Groundball, 34D, EV 101.9 MPH)
|
|
Batting: RHB Zach Chmieleski
|
0-0: Ball 1-0: Grounds into double play, 6-4-3 (Groundball, 6, EV 86.9 MPH)
|
| Top of the 7th over - 0 runs, 1 hit, 0 errors, 0 left on base; West Virginia 1 - Dayton 3 |
| BOTTOM OF THE 7TH |
|
Dayton Dragons batting - Pitching for West Virginia Power : LHP Jim Turan
|
|
Pitching: RHP Justin Smart
|
|
|
Batting: RHB Jonathan Davis
|
0-0: Ball 1-0: Foul Ball, location: 2F 1-1: Called Strike 1-2: Strikes out swinging
|
|
Batting: RHB Juan Zamora
|
0-0: Ball 1-0: Called Strike 1-1: Called Strike 1-2: Foul Ball, location: 2F 1-2: Fly out, F8 (Line Drive, 8RD, EV 94.4 MPH)
|
|
Batting: RHB Cyd Carver
|
0-0: Ball 1-0: Foul Ball, location: 2F 1-1: Called Strike 1-2: Foul Ball, location: 2F 1-2: Strikes out swinging
|
| Bottom of the 7th over - 0 runs, 0 hits, 0 errors, 0 left on base; West Virginia 1 - Dayton 3 |
| TOP OF THE 8TH |
|
West Virginia Power batting - Pitching for Dayton Dragons : LHP Paul Fuller
|
|
Pitching: RHP Kevin Larner
|
|
|
Now at 2B: Yasusaburo Kuwahara
|
|
|
Batting: RHB Freddy Quintero
|
0-0: Ball 1-0: Swinging Strike 1-1: Ball 2-1: Swinging Strike 2-2: Ball 3-2: Base on Balls
|
|
Pinch Hitting: LHB Donald Imre
|
0-0: Ball 1-0: Ball 2-0: Fly out, F9 (Flyball, 9LS, EV 73.8 MPH)
|
|
Batting: RHB Roberto Guzman
|
0-0: Called Strike 0-1: Grounds into double play, 4-6-3 (Groundball, 4, EV 109.4 MPH)
|
| Top of the 8th over - 0 runs, 0 hits, 0 errors, 0 left on base; West Virginia 1 - Dayton 3 |
| BOTTOM OF THE 8TH |
|
Dayton Dragons batting - Pitching for West Virginia Power : RHP Justin Smart
|
|
Now at 3B: Donald Imre
|
|
|
Batting: LHB Keith Egan
|
0-0: Ball 1-0: Swinging Strike 1-1: Called Strike 1-2: Foul Ball, location: 2F 1-2: Foul Ball, location: 2F 1-2: Fly out, F7 (Flyball, 7D, EV 95.6 MPH)
|
|
Batting: RHB Randy Grewe
|
0-0: Ball 1-0: SINGLE (Groundball, 4M, EV 103.1 MPH) (infield hit)
|
|
Batting: SHB Tim Utz
|
0-0: Foul Ball, location: 2F 0-1: Swinging Strike 0-2: Strikes out swinging
|
|
Batting: RHB Danny Real
|
0-0: Ball Randy Grewe steals 2nd base (no throw) 1-0: SINGLE (Groundball, 56D, EV 103.8 MPH) Randy Grewe to third Runner from 3rd tries for Home, throw by LF and OUT! 7-2
|
| Bottom of the 8th over - 0 runs, 2 hits, 0 errors, 1 left on base; West Virginia 1 - Dayton 3 |
| TOP OF THE 9TH |
|
West Virginia Power batting - Pitching for Dayton Dragons : RHP Kevin Larner
|
|
Pitching: RHP Giovonni Morgia
|
|
|
Batting: LHB Brandon Sarni
|
0-0: Foul Ball, location: 2F 0-1: Ball 1-1: Called Strike 1-2: Strikes out swinging
|
|
Pinch Hitting: LHB Pat Baker
|
0-0: Foul Ball, location: 2F 0-1: Ball 1-1: Ball 2-1: Ground out 4-3 (Groundball, 34, EV 83.8 MPH)
|
|
Batting: RHB Jordan Robinson
|
0-0: Ground out 1-3 (Groundball, 13S, EV 63.1 MPH)
|
| Top of the 9th over - 0 runs, 0 hits, 0 errors, 0 left on base; West Virginia 1 - Dayton 3 |
|